cohdb
Replays
Latest Replays
All Replays
Popular Replays
Top Player Replays
Match Explorer
How It Works
Community
CoH3 Stats
Reddit
Sign in to upload your games and track your stats! →
Sign in with Steam
Match 45334280
Unlisted
Match 45334280
Overview
Messages
Build Orders
End
Selects Airborne Battlegroup
Selects Heavy Machine Gun Paradrop
Heavy Machine Gun Paradrop
Construct Weapon Support Center
Heavy Machine Gun Paradrop
Bazooka Squad
Bazooka Squad
Bazooka Squad
Infantry Support Center
Heavy Machine Gun Paradrop
Selects Paratrooper Squad Paradrop
Paratrooper Squad Paradrop
AI Takeover
Che
[TW]S.C.
ARC_RAID
Emmanuel Petit
elfen
Cheeki Bяeeki
하나은행인주도둑
周杰伦
0
0
Comments
sign in to comment!
No comments posted yet!